 Dungeon Crawl Stone Soup version 0.20-a0-672-gd6c3c51 (webtiles) character file.

1818 AverageBear the Covert (level 8, -5/52 HPs)
             Began as a Vampire Enchanter on Feb 18, 2017.
             Was an Initiate of Dithmenos.
             Slain by an orc warrior
             ... wielding a +0 war axe
              (23 damage)
             ... on level 6 of the Dungeon.
             The game lasted 00:19:58 (9934 turns).

AverageBear the Covert (Vampire Enchanter)          Turns: 9934, Time: 00:19:59

Health: -5/52      AC:  7    Str:  9    XL:     8   Next: 85%
Magic:  5/11       EV: 17    Int: 16    God:    Dithmenos [......]
Gold:   354        SH:  0    Dex: 14    Spells: 5/11 levels left

rFire    x . .     SeeInvis +   a - +2 dagger
rCold    + + .     Gourm    .   b - +1 robe
rNeg     + + .     Faith    .   (no shield)
rPois    +         Spirit   .   (no helmet)
rElec    .         Reflect  .   e - +0 cloak
rCorr    .         Harm     .   (no gloves)
MR       .....                  p - +0 pair of boots
Stlth    ++++++....             s - amulet of magic regeneration
Regen    0.1/turn               (no ring)
MPRegen  0.2/turn               m - ring of ice

@: regenerating slowly
A: fangs 3, slimy green scales 1, see invisible, dopey 1, unbreathing
a: Bat Form, Renounce Religion


You were on level 6 of the Dungeon.
You worshipped Dithmenos.
Dithmenos was noncommittal.
You were near bloodless.

You visited 2 branches of the dungeon, and saw 7 of its levels.

You collected 354 gold pieces.

Inventory:

Hand Weapons
 a - a +2 dagger (weapon)
 F - a +0 rapier
Missiles
 t - 5 tomahawks of returning (quivered)
Armour
 b - a +1 robe (worn)
 e - a +0 cloak (worn)
 p - a +0 pair of boots (worn)
 B - a +2 shield
Jewellery
 m - a ring of ice (left hand)
 s - an amulet of magic regeneration (around neck)
Wands
 v - a wand of iceblast (1/15)
 x - a wand of paralysis (9/24)
Scrolls
 h - 3 scrolls of remove curse
 k - 3 scrolls of amnesia
 l - a scroll of teleportation
 n - 2 scrolls of enchant weapon
 r - a scroll of enchant armour
 w - a scroll of silence
 z - a scroll of recharging {unknown}
Potions
 d - 7 potions of blood
 g - 2 potions of magic
 i - 2 potions of heal wounds
 j - a potion of flight
 o - a potion of cancellation
 q - a potion of resistance
 u - a potion of curing
 A - 2 potions of ambrosia
Books
 c - a book of Maledictions

   Spells                             Type                      Level
   a - Corona                         Hexes                        1
   b - Ensorcelled Hibernation        Hexes/Ice                    2
   c - Confuse                        Hexes                        3
   d - Tukima's Dance                 Hexes                        3
   e - Dazzling Spray                 Conjuration/Hexes            3
 y - a book of Callings

   Spells                             Type                      Level
   a - Summon Small Mammal            Summoning                    1
   b - Call Imp                       Summoning                    2
   c - Call Canine Familiar           Summoning                    3
   d - Summon Guardian Golem          Hexes/Summoning              3
   e - Summon Lightning Spire         Summoning/Air                4
   f - Summon Ice Beast               Ice/Summoning                4


   Skills:
 - Level 6.0 Short Blades
 + Level 7.7 Dodging
 - Level 12.0 Stealth
 - Level 2.0 Spellcasting
 - Level 4.4 Hexes


You had 5 spell levels left.
You knew the following spells:

 Your Spells              Type           Power        Failure   Level  Hunger
a - Corona                Hex            ###....      4%          1    #......
b - Ensorcelled Hibernat  Hex/Ice        ##....       14%         2    ###....
c - Confuse               Hex            ###.....     12%         3    ###....


Dungeon Overview and Level Annotations

Branches:
Dungeon (6/15)             Temple (1/1) D:6

Altars:
Ashenzari
Cheibriados
Dithmenos
Elyvilon
Fedhas
Gozag
Hepliaklqana
Kikubaaqudgha
Makhleb
Nemelex Xobeh
Qazlal
Ru
Sif Muna
Trog
Vehumet
Xom
Yredelemnul
Zin
The Shining One


Innate Abilities, Weirdness & Mutations

You heal slowly.
You have razor-sharp teeth.
You have supernaturally acute eyesight. (SInv)
You can survive without breathing.
You are partially covered in slimy green scales. (AC +2)
You are dopey. (Int -2)


Message History

The orc warrior hits you with a war axe!
The gnoll shouts!
You hit the orc warrior but do no damage.
The orc warrior is almost dead.
Casting: Ensorcelled Hibernation
Confirm with . or Enter, or press ? or * to list all spells.
Aiming: Confuse
Press: ? - help, Shift-Dir - straight line, f/p - orc warrior
Aim: an orc warrior, wielding a war axe and wearing a plate armour (almost dead, chance to defeat MR: 46%)
The orc warrior resists with some effort.
The orc shouts!
The orc warrior hits you with a war axe.
Casting: Confuse
Confirm with . or Enter, or press ? or * to list all spells.
Aiming: Confuse
Press: ? - help, Shift-Dir - straight line, f/p - orc warrior
Aim: an orc warrior, wielding a war axe and wearing a plate armour (severely wounded, chance to defeat MR: 46%)
The orc warrior resists with some effort.
The orc warrior hits you with a war axe!!
You die...

#.####.### ##.##.....####
#........###...#.........
#..#.#.#.##..........#
###..#.#.#.###...#o....#
...............o..o..###
.###.#.###.####g###### .#
#.#.###.# #g# #.# .# #.......#
##o## #.# .# ###.#######..@## #.#
.# ##.# ##...).## ###.# .####..#
##.......## ##.#.#
.......####.........####....#####
..........'.........'............
####...####.........####.....##
##..# ##.......## ##.<#.###. ##.#
##.....## ##!...... #.# ##...##
###.####


You could see an orc warrior, 2 gnolls and an orc.

Vanquished Creatures
  Duvessa (D:6)
  An orc warrior (D:6)
  An ice beast (D:5)
  A necrophage (D:6)
  A phantom (D:5)
  2 ogres
  A centaur (D:6)
  2 bullfrogs (D:6)
  Dowan (D:6)
  A scorpion (D:5)
  3 crimson imps
  A bullfrog zombie (D:5)
  A hound (D:5)
  A jelly (D:5)
  4 orc priests
  2 orc wizards
  A centaur skeleton (D:5)
  A bullfrog skeleton (D:3)
  7 worker ants
  A worker ant zombie (D:5)
  7 gnolls
  8 adders
  A shadow imp (D:5)
  A worm (D:3)
  3 dart slugs (D:2)
  4 leopard geckos
  15 orcs
  A ball python (D:6)
  6 giant cockroaches
  11 goblins
  7 hobgoblins
  8 jackals
  14 kobolds
  8 quokkas
  12 bats
  5 frilled lizards
  A quokka skeleton (D:4)
  8 rats
  2 plants (D:4)
156 creatures vanquished.

Notes
Turn   | Place    | Note
-------+----------+-------------------------------------------
     0 | D:1      | AverageBear the Vampire Enchanter began the quest for the Orb.
     0 | D:1      | Reached XP level 1. HP: 13/13 MP: 3/3
   110 | D:1      | Reached XP level 2. HP: 13/19 MP: 5/5
   497 | D:1      | Reached skill level 5 in Stealth
   647 | D:1      | Reached XP level 3. HP: 19/24 MP: 6/6
   975 | D:1      | Learned a level 2 spell: Ensorcelled Hibernation
   979 | D:1      | Learned a level 3 spell: Confuse
  1359 | D:2      | Found a burning altar of Makhleb.
  1359 | D:2      | Noticed a cacodemon
  1835 | D:2      | Found a sacrificial altar of Ru.
  1862 | D:2      | Reached XP level 4. HP: 30/30 MP: 4/7
  2004 | D:2      | Reached skill level 6 in Stealth
  2428 | D:2      | Found a shadowy altar of Dithmenos.
  2480 | D:3      | Noticed an ogre
  2489 | D:3      | Killed an ogre
  2489 | D:3      | Reached XP level 5. HP: 34/35 MP: 2/8
  2516 | D:2      | Reached skill level 7 in Stealth
  3963 | D:3      | Reached XP level 6. HP: 41/41 MP: 9/9
  4044 | D:3      | Reached skill level 5 in Short Blades
  4144 | D:4      | Got a crystal halberd
  4177 | D:4      | Found a bloodstained altar of Trog.
  4553 | D:4      | Reached skill level 8 in Stealth
  5903 | D:4      | Identified the cursed +1 halberd of Propriety {freeze, rPois rF+ Int+2 Stlth-} (You found it on level 4 of the Dungeon)
  6508 | D:5      | Entered Level 5 of the Dungeon
  6584 | D:5      | Reached skill level 9 in Stealth
  6584 | D:5      | Reached XP level 7. HP: 40/46 MP: 3/10
  6637 | D:5      | Found a basalt altar of Yredelemnul.
  6646 | D:5      | Reached skill level 10 in Stealth
  6823 | D:5      | Found a shimmering altar of Xom.
  6878 | D:5      | Reached skill level 11 in Stealth
  6986 | D:5      | Found an opulent altar of Gozag.
  7108 | D:5      | Reached skill level 12 in Stealth
  7108 | D:5      | Reached XP level 8. HP: 43/52 MP: 11/11
  7504 | D:6      | Found a staircase to the Ecumenical Temple.
  7543 | Temple   | Entered the Ecumenical Temple
  7883 | D:2      | Became a worshipper of Dithmenos the Shadowed
  8143 | D:6      | Reached skill level 5 in Dodging
  8405 | D:6      | Noticed Duvessa
  8406 | D:6      | Noticed Dowan
  8412 | D:6      | Killed Duvessa
  8419 | D:6      | Killed Dowan
  8419 | D:6      | Reached * piety under Dithmenos
  8914 | D:6      | Gained mutation: You are dopey. (Int -2) [potion of mutation]
  8914 | D:6      | Gained mutation: You are partially covered in slimy green scales. (AC +2) [potion of mutation]
  9058 | D:6      | HP: 2/52 [orc warrior/war axe (17)]
  9934 | D:6      | Slain by an orc warrior

Vault maps used:
D:1:      dpeg_arrival_three_same_balls, minmay_misc_feat_iff,
          minmay_tree_intersection, minmay_misc_feat_encased, minmay_ruptured
D:2:      makhleb_altar_promises_db, nicolae_overflow_hidden_temple,
          old_standard_altar
D:3:      first_bread
D:4:      wad_woods_stonehenge, minmay_goblin_kobold_house
D:5:      xom_teletrap_fun, old_standard_altar, grunt_gozag_breadcrumbs,
          roderic_curled_sauvastika
D:6:      minmay_temple_entry_glassed_door, serial_bayou_pond_e,
          dk_rats_in_the_wall, uniq_duvessa
Temple:   hc_temple_tempest_star

Skill      XL: |  1  2  3  4  5  6  7  8 |
---------------+-------------------------+-----
Short Blades   | 2 3 4 6 |  6.0
Stealth        | 5 6 7 9 12 | 12.0
Dodging        | 7 |  7.7
Spellcasting   | |  2.0
Hexes          | |  4.4

Action                   |  1- 3 |  4- 6 |  7- 9 || total
-------------------------+-------+-------+-------++-------
Melee: Dagger            |   185 |   420 |    93 ||   698
       Bite              |    17 |    46 |     3 ||    66
 Cast: Corona            |     3 |     3 |       ||     6
       Ensorcelled Hiber |     5 |    65 |    21 ||    91
       Confuse           |       |     3 |     8 ||    11
  Use: Potion            |     1 |    10 |     4 ||    15
       Scroll            |       |    10 |     8 ||    18
 Stab: Sleeping          |     7 |    52 |    28 ||    87
       Distracted        |       |     3 |     3 ||     6
       Confused          |       |     2 |     2 ||     4
       Invisible         |       |     2 |     1 ||     3
  Eat: Corpse            |       |     1 |       ||     1
Armor: Robe              |    40 |    35 |     3 ||    78
Dodge: Dodged            |   112 |   138 |    50 ||   300
